General information
- name: BNet
- type: Ladder team game (AT/RT)
- host: Battle.net
- saver: brucewillisusa
map: TwistedMeadows
- players: 4
- length: 23:00
- speed: Fast
- version: 1.24 W3XP
- replay type: Public
» download(93 KB)
Players
team 1 (loser)
LickTheDead (
yellow | 41 APM | 947 actions | 22:59)
4 Death Knight
1 Unholy Aura
2 Death Coil
1 Death Pact
» actions
| Assign group hotkey | 19 | |
| Basic commands | 1 | |
| Build / train | 48 | |
| ESC pressed | 1 | |
| Enter build submenu | 24 | |
| Enter hero's abilities submenu | 4 | |
| Give item / drop item | 2 | |
| Remove unit from queue | 1 | |
| Right click | 368 | |
| Select / deselect | 276 | |
| Select group hotkey | 157 | |
| Use ability | 46 | |
947 total
» units
| Acolyte | 14 | |
| Ghoul | 9 | |
| Crypt Fiend | 7 | |
| Forest Troll Shadow Priest | 1 | |
| Gargoyle | 1 | |
32 total
» upgrades
» buildings
| Crypt | 3 | |
| Altar of Darkness | 1 | |
| Ziggurat | 10 | |
| Graveyard | 1 | |
| Tomb of Relics | 1 | |
| Halls of the Dead | 5 | |
| Nerubian Tower | 1 | |
| Black Citadel | 1 | |
| Sacrificial Pit | 1 | |
| Boneyard | 1 | |
| Tree of Life | 1 | |
26 total
» build order
00:11 Crypt
00:14 Crypt
00:16 Crypt
00:21 Altar of Darkness
00:45 Ziggurat
00:53 Ziggurat
00:57 Ziggurat
01:27 Graveyard
01:52 Ziggurat
02:22 Ziggurat
03:35 Tomb of Relics
04:20 Ziggurat
05:50 Halls of the Dead
05:51 Halls of the Dead
05:51 Halls of the Dead
10:27 Ziggurat
11:14 Ziggurat
11:20 Ziggurat
11:24 Nerubian Tower
12:46 Black Citadel
17:46 Sacrificial Pit
19:49 Boneyard
20:12 Ziggurat
21:59 Tree of Life
» items
| Potion of Lesser Invulnerability | 1 | |
| Sacrificial Skull | 1 | |
2 total
Shark_Koozie (
blue | 46 APM | 993 actions | 21:43)
2 Priestess of the Moon
1 Trueshot Aura
1 Searing Arrows
» actions
| Assign group hotkey | 7 | |
| Build / train | 42 | |
| Enter build submenu | 23 | |
| Enter hero's abilities submenu | 2 | |
| Remove unit from queue | 3 | |
| Right click | 363 | |
| Select / deselect | 285 | |
| Select group hotkey | 238 | |
| Use ability | 30 | |
993 total
» units
| Wisp | 29 | |
| Archer | 1 | |
| Forest Troll Shadow Priest | 1 | |
| Glaive Thrower | 2 | |
| Chimaera | 1 | |
34 total
» buildings
| Altar of Elders | 1 | |
| Moon Well | 5 | |
| Ancient of War | 1 | |
| Hunter's Hall | 1 | |
| Tree of Ages | 1 | |
| Tree of Eternity | 1 | |
| Ancient of Wind | 1 | |
| Chimaera Roost | 1 | |
| Ancient Protector | 1 | |
13 total
» build order
01:08 Altar of Elders
01:27 Moon Well
05:26 Ancient of War
07:00 Hunter's Hall
11:18 Tree of Ages
12:20 Moon Well
12:23 Moon Well
13:39 Tree of Eternity
14:42 Ancient of Wind
17:08 Moon Well
17:11 Moon Well
18:54 Chimaera Roost
21:05 Ancient Protector
team 2 (winner)

»
avid.milk2 (
red | 69 APM | 1595 actions | 23:00)
5 Archmage
3 Blizzard
2 Brilliance Aura
» actions
| Assign group hotkey | 39 | |
| Basic commands | 34 | |
| Build / train | 96 | |
| Enter build submenu | 58 | |
| Enter hero's abilities submenu | 5 | |
| Give item / drop item | 3 | |
| Right click | 730 | |
| Select / deselect | 295 | |
| Select group hotkey | 197 | |
| Use ability | 138 | |
1595 total
» units
| Peasant | 16 | |
| Goblin Shredder | 3 | |
| Mortar Team | 5 | |
24 total
» upgrades
| Masonry | 3 | |
| Gunpowder | 4 | |
| Lumber Harvesting | 2 | |
| Flare | 1 | |
| Fragmentation Shards | 1 | |
| Flak Cannons | 1 | |
| Flying Machine Bombs | 1 | |
| Armor | 1 | |
14 total
» buildings
| Altar of Kings | 1 | |
| Farm | 15 | |
| Lumber Mill | 1 | |
| Scout Tower | 35 | |
| Arcane Tower | 1 | |
| Guard Tower | 26 | |
| Arcane Vault | 4 | |
| Keep | 2 | |
| Blacksmith | 2 | |
| Castle | 2 | |
| Workshop | 3 | |
| Town Hall | 1 | |
93 total
» build order
00:10 Altar of Kings
00:12 Farm
00:35 Lumber Mill
01:17 Scout Tower
01:22 Scout Tower
01:33 Scout Tower
01:47 Arcane Tower
02:00 Guard Tower
02:00 Guard Tower
02:00 Guard Tower
02:14 Guard Tower
02:27 Scout Tower
02:30 Scout Tower
02:38 Farm
02:56 Farm
02:59 Scout Tower
03:10 Guard Tower
03:38 Guard Tower
03:39 Guard Tower
03:40 Scout Tower
03:42 Scout Tower
03:44 Farm
04:07 Guard Tower
04:09 Guard Tower
04:10 Scout Tower
04:12 Scout Tower
04:30 Arcane Vault
04:34 Farm
04:37 Guard Tower
04:40 Guard Tower
04:41 Scout Tower
04:43 Scout Tower
04:44 Scout Tower
05:15 Guard Tower
05:40 Arcane Vault
05:44 Arcane Vault
05:48 Guard Tower
06:45 Keep
06:47 Blacksmith
06:53 Blacksmith
07:04 Farm
07:05 Farm
07:37 Scout Tower
07:41 Scout Tower
07:41 Scout Tower
07:42 Scout Tower
07:43 Scout Tower
08:12 Guard Tower
08:19 Guard Tower
09:12 Castle
09:12 Castle
09:13 Guard Tower
09:19 Workshop
09:20 Workshop
09:54 Workshop
12:00 Town Hall
12:11 Scout Tower
12:11 Scout Tower
12:11 Scout Tower
12:13 Scout Tower
12:14 Scout Tower
12:14 Scout Tower
12:15 Scout Tower
12:16 Scout Tower
12:17 Scout Tower
12:20 Scout Tower
12:20 Scout Tower
12:20 Scout Tower
12:48 Guard Tower
12:50 Guard Tower
12:51 Guard Tower
12:52 Guard Tower
12:53 Guard Tower
13:10 Guard Tower
13:18 Guard Tower
13:29 Guard Tower
13:44 Guard Tower
16:35 Arcane Vault
18:33 Farm
18:34 Farm
18:34 Farm
18:35 Farm
19:24 Farm
19:25 Farm
19:26 Farm
19:26 Farm
19:31 Scout Tower
19:32 Scout Tower
19:33 Scout Tower
19:34 Scout Tower
19:35 Scout Tower
21:18 Guard Tower
» items
| Lesser Clarity Potion | 2 | |
| Scroll of Regeneration | 4 | |
| Ivory Tower | 3 | |
| Staff of Teleportation | 1 | |
| Potion of Invisibility | 1 | |
| Boots of Speed | 1 | |
| Potion of Healing | 2 | |
| Scroll of Town Portal | 1 | |
| Staff of Sanctuary | 1 | |
16 total

»
brucewillisusa (
purple | 47 APM | 1075 actions | 23:00)
4 Blood Mage
2 Flame Strike
2 Siphon Mana
» actions
| Assign group hotkey | 47 | |
| Basic commands | 27 | |
| Build / train | 72 | |
| ESC pressed | 1 | |
| Enter build submenu | 38 | |
| Enter hero's abilities submenu | 4 | |
| Give item / drop item | 1 | |
| Right click | 285 | |
| Select / deselect | 211 | |
| Select group hotkey | 272 | |
| Use ability | 117 | |
1075 total
» units
| Peasant | 14 | |
| Goblin Shredder | 1 | |
| Goblin Sapper | 3 | |
| Priest | 2 | |
| Sorceress | 4 | |
| Goblin Zeppelin | 1 | |
25 total
» upgrades
| Masonry | 3 | |
| Magic Sentry | 1 | |
| Sorceress Training | 2 | |
| Priest Training | 2 | |
| Lumber Harvesting | 1 | |
9 total
» buildings
| Altar of Kings | 1 | |
| Farm | 8 | |
| Scout Tower | 31 | |
| Lumber Mill | 1 | |
| Arcane Tower | 1 | |
| Guard Tower | 13 | |
| Keep | 1 | |
| Castle | 1 | |
| Arcane Sanctum | 2 | |
| Arcane Vault | 1 | |
60 total
» build order
00:10 Altar of Kings
00:13 Farm
00:46 Scout Tower
00:50 Farm
00:53 Lumber Mill
01:32 Arcane Tower
01:54 Scout Tower
02:23 Scout Tower
02:24 Guard Tower
02:26 Scout Tower
02:52 Farm
02:55 Guard Tower
03:51 Farm
03:55 Scout Tower
03:55 Scout Tower
04:12 Scout Tower
04:13 Scout Tower
04:14 Scout Tower
04:15 Scout Tower
04:19 Scout Tower
04:22 Scout Tower
04:31 Guard Tower
05:02 Guard Tower
05:19 Guard Tower
05:34 Keep
05:58 Guard Tower
08:07 Castle
08:10 Arcane Sanctum
08:13 Arcane Sanctum
09:08 Farm
09:10 Scout Tower
09:10 Scout Tower
09:11 Scout Tower
09:12 Scout Tower
09:12 Scout Tower
09:41 Guard Tower
09:45 Guard Tower
10:13 Guard Tower
12:43 Scout Tower
12:44 Scout Tower
12:45 Scout Tower
12:46 Scout Tower
13:18 Scout Tower
13:18 Scout Tower
13:20 Scout Tower
13:21 Scout Tower
14:16 Guard Tower
15:07 Guard Tower
16:51 Arcane Vault
16:55 Scout Tower
16:56 Scout Tower
16:58 Scout Tower
16:58 Scout Tower
16:59 Scout Tower
16:59 Scout Tower
17:43 Guard Tower
20:35 Farm
20:35 Farm
21:22 Farm
21:27 Guard Tower
» items
| Scroll of Regeneration | 4 | |
| Lesser Clarity Potion | 4 | |
| Boots of Speed | 1 | |
| Staff of Teleportation | 1 | |
| Potion of Invisibility | 3 | |
| Scroll of Town Portal | 4 | |
17 total
Chat log
(00:05 / Allies) brucewillisusa: towerS?
(00:29 / Allies) brucewillisusa: im going bloodmage
(00:30 / Allies) brucewillisusa: u go am
(00:33 / Allies) avid.milk2: k
(00:56 / Allies) brucewillisusa: that maakies thing
(01:00 / Allies) brucewillisusa: is the grossest ting ive ever seen
(01:04 / Allies) avid.milk2: i didnt get it
(01:05 / Allies) brucewillisusa: i read a bunch of them tho
(01:18 / Allies) brucewillisusa: the joke is that the crows idea of cooking is burning a pig alive
(01:29 / Allies) avid.milk2: why does it cook like that?
(01:33 / Allies) brucewillisusa: it just does
(01:38 / Allies) avid.milk2: hm
(01:42 / Allies) avid.milk2: not very funny
(02:07 / Allies) brucewillisusa: do that when u feel u can
(02:09 / Allies) brucewillisusa: without elemental tho
(02:11 / Allies) brucewillisusa: it takes a lot
(02:13 / Allies) brucewillisusa: of dead mean
(04:08 / Allies) brucewillisusa: wtf they doing
(04:21 / Allies) avid.milk2: fed ud
(04:25 / Allies) brucewillisusa: come help
(04:25 / Allies) brucewillisusa: now
(04:26 / Allies) brucewillisusa: shit
(05:21 / Allies) brucewillisusa: wood?
(05:26 / Allies) brucewillisusa: i need to tech
(05:46 / Allies) brucewillisusa: do this now
(05:48 / Allies) brucewillisusa: to level me
(05:51 / Allies) brucewillisusa: so i can 1shot acos
(05:55 / Allies) brucewillisusa: after they leave
(06:03 / Allies) brucewillisusa: gogo
(06:04 / Allies) brucewillisusa: 12 miltiat
(06:21 / All) brucewillisusa: guys this is not how you do ne ud
(06:22 / All) brucewillisusa: rofl
(06:30 / Allies) brucewillisusa: let me hog the xp
(06:38 / Allies) brucewillisusa: i cant move ur turd away
(06:55 / Allies) brucewillisusa: got it
(07:41 / Allies) brucewillisusa: i going sorcs
(08:50 / Allies) avid.milk2: they are short on wood
(08:51 / Allies) avid.milk2: take that
(09:10 / All) avid.milk2: were you going to detonate that?
(09:10 / All) avid.milk2: sorry
(09:18 / Allies) brucewillisusa: i was but he was in way
(09:20 / Allies) brucewillisusa: so isent it back
(09:20 / Allies) brucewillisusa: oh
(09:21 / Allies) brucewillisusa: lol
(09:24 / Allies) brucewillisusa: he ahd one too?
(09:29 / Allies) avid.milk2: i was tlaking to him
(09:29 / All) Shark_Koozie: no he was just going for an afternoon stroll
(09:33 / All) brucewillisusa: fucc u guys are bad
(09:57 / All) Shark_Koozie: or is it that we are so good you just cant comprehend it
(10:03 / Allies) avid.milk2: we should expo?
(10:03 / All) brucewillisusa: hohoho
(10:05 / Allies) brucewillisusa: ya
(10:33 / Allies) brucewillisusa: the ud has one aco
(10:36 / Allies) brucewillisusa: and hes over food
(12:05 / Allies) brucewillisusa: check out his food
(12:51 / Allies) brucewillisusa: he has to kill
(12:52 / Allies) brucewillisusa: 15 food
(12:55 / Allies) brucewillisusa: he has no choice
(13:21 / Allies) avid.milk2: gold?
(13:39 / Allies) brucewillisusa: rofl look at the ud
(13:40 / Allies) brucewillisusa: teching
(13:51 / Allies) brucewillisusa: godl me
(13:52 / Allies) brucewillisusa: fast
(13:53 / Allies) brucewillisusa: all uc an
(14:38 / Allies) avid.milk2: wtf
(14:42 / Allies) avid.milk2: why doesnt he get near u
(14:55 / Allies) avid.milk2: no owl scout
(14:56 / Allies) avid.milk2: roflofl
(15:23 / All) avid.milk2: one of you get the wood
(15:25 / All) avid.milk2: and one get the gold
(15:31 / All) avid.milk2: its a perfect setup right?
(15:43 / All) brucewillisusa: rofl
(15:43 / All) brucewillisusa: so bad
(15:54 / Allies) avid.milk2: look at the ne base
(15:55 / Allies) avid.milk2: roflolf
(16:00 / Allies) brucewillisusa: uyd
(16:01 / Allies) brucewillisusa: cant repair
(16:03 / Allies) brucewillisusa: he has no workers
(16:05 / Allies) brucewillisusa: look at ud base
(16:08 / Allies) brucewillisusa: he cant even make workers
(16:10 / All) brucewillisusa: ud
(16:11 / All) brucewillisusa: thsi is like
(16:12 / All) brucewillisusa: sophies choice
(16:13 / All) brucewillisusa: rofl
(16:43 / All) brucewillisusa: was tjhat a level 1 coil?
(16:45 / All) brucewillisusa: pitiful
(16:45 / Allies) avid.milk2: why u dont have a shop?
(17:02 / All) LickTheDead: owww
(17:04 / All) LickTheDead: zing
(17:08 / Allies) brucewillisusa: 26/20
(17:10 / Allies) brucewillisusa: lower! lower!
(17:13 / Allies) brucewillisusa: gotta go lower1
(17:58 / Allies) avid.milk2: get a priest
(18:01 / Allies) avid.milk2: and put it on hld position
(18:04 / Allies) avid.milk2: so it doesnt wander thel ands
(18:07 / Allies) avid.milk2: healing invisible units
(18:30 / Allies) avid.milk2: im invis mort now
(18:30 / All) brucewillisusa: go level up ur coil
(18:31 / All) brucewillisusa: noob
(18:33 / Allies) brucewillisusa: get the elf
(18:39 / All) LickTheDead: owww zing
(19:05 / Allies) brucewillisusa: gogo the elf
(19:48 / Allies) avid.milk2: slow ass morts
(19:55 / All) brucewillisusa: shoulda healed ur guy
(19:56 / All) brucewillisusa: noobshit
(20:03 / All) LickTheDead: owwww zing
(21:46 / All) brucewillisusa: LOL
(22:06 / All) brucewillisusa: i dont think so, tim
(22:21 / All) brucewillisusa: /whois shark_koozie
(22:24 / All) brucewillisusa: /whois shark_koozie
(22:25 / All) brucewillisusa: LOL
(22:31 / All) brucewillisusa: he sits in channel
(22:34 / All) brucewillisusa: while u get owned
(22:43 / All) LickTheDead: I HAVE A PENIS AND IT IT BIG, SOFT AND COVERED IN JIZZ
(22:56 / All) LickTheDead: OOWWWWWWW ZING